 Dungeon Crawl Stone Soup version 0.31-a0-152-g6aa68a64a1 (webtiles) character file.

Game seed: 12362681241165661676

35688 Pooter the Severer (level 13, -12/183 HPs)
             Began as a Minotaur Berserker on June 10, 2023.
             Was a Priest of Trog.
             Mangled by a swamp worm (18 damage)
             ... on level 3 of the Lair of Beasts on June 11, 2023.
             The game lasted 01:29:42 (18518 turns).

Pooter the Severer (Minotaur Berserker)            Turns: 18518, Time: 01:29:43

Health: -12/183    AC: 14    Str: 35    XL:     13   Next: 48%
Magic:  12/12      EV:  9    Int:  6    God:    Trog [***...]
Gold:   843        SH:  0    Dex: 18    Spells: 12/12 levels left

rFire   . . .        f - +0 dire flail
rCold   + . .        (shield currently unavailable)
rNeg    + . .        J - +0 plate armour {rPois}
rPois   +            F - +0 hat {Will+}
rElec   .            k - +0 cloak
rCorr   .            n - +1 pair of gloves
SInv    .            (no boots)
Will    +....        y - amulet of regeneration Stlth
                     I - ring "Nukh" {rC+ rN+ Str+4 Int+2 Dex+6}
HPRegen 1.30/turn    X - +6 ring of strength
MPRegen 0.13/turn

%: no passive effects
@: berserking, very quick
A: horns 2, retaliatory headbutt
a: Renounce Religion, Berserk, Trog's Hand


You were on level 3 of the Lair of Beasts.
You worshipped Trog.
Trog was most pleased with you.
You visited 2 branches of the dungeon, and saw 15 of its levels.
You also visited: Bailey.

You collected 843 gold pieces.

Inventory:

Hand Weapons
 a - a +3 executioner's axe of electrocution
   (You acquired it in a bailey)
 b - a +1 arbalest
   (You took it off a vault sentinel on level 9 of the Dungeon)
 f - a +0 dire flail (weapon)
   (You took it off an orc warrior on level 6 of the Dungeon)
 l - the +4 mace of Exquisite Torment {flame, *Noise rPois Str+2}
   (You found it on level 3 of the Dungeon)

   Str:       It affects your strength (+2).
   rPois:     It protects you from poison.
   *Noise:    It may make noises in combat.
 q - a +2 sling of draining
   (You found it on level 7 of the Dungeon)
 w - a +0 broad axe
   (You took it off an orc warrior in a bailey)
 x - a +3 war axe of freezing
   (You found it on level 3 of the Dungeon)
Missiles
 e - 27 poisoned darts (quivered)
 B - 4 atropa-tipped darts
 H - 8 boomerangs
Armour
 k - a +0 cloak (worn)
   (You found it on level 2 of the Dungeon)
 n - a +1 pair of gloves (worn)
   (You found it on level 2 of the Lair of Beasts)
 C - a +2 plate armour
   (You took it off an orc warrior on level 6 of the Dungeon)
 F - a +0 hat of willpower (worn)
   (You took it off Gastronok on level 3 of the Lair of Beasts)
 J - a +0 plate armour of poison resistance (worn)
   (You found it in a bailey)
Jewellery
 g - an amulet of the acrobat
   (You found it on level 1 of the Dungeon)
 r - a ring of flight
   (You found it on level 4 of the Dungeon)
 y - an amulet of regeneration (around neck)
   (You found it on level 4 of the Dungeon)
 G - an amulet of guardian spirit
   (You found it on level 9 of the Dungeon)
 I - the ring "Nukh" (left hand) {rC+ rN+ Str+4 Int+2 Dex+6}
   (You acquired it in a bailey)

   [ring of dexterity]

   Str:       It affects your strength (+4).
   Int:       It affects your intelligence (+2).
   Dex:       It affects your dexterity (+6).
   rC:        It protects you from cold.
   rN:        It protects you from negative energy.
 O - a ring of protection from cold
   (You found it on level 8 of the Dungeon)
 P - a ring of poison resistance
   (You found it on level 1 of the Dungeon)
 X - a +6 ring of strength (right hand)
   (You found it on level 11 of the Dungeon)
Wands
 d - a wand of iceblast (5)
   (You found it on level 2 of the Lair of Beasts)
 u - a wand of paralysis (7)
   (You found it on level 11 of the Dungeon)
 D - a wand of digging (8)
   (You found it on level 2 of the Lair of Beasts)
 W - a wand of polymorph (6)
   (You took it off Ijyb on level 5 of the Dungeon)
Scrolls
 i - a scroll of poison
 t - 3 scrolls of teleportation {@r4}
 E - 2 scrolls of butterflies
 L - a scroll of vulnerability {!r}
 M - a scroll of torment {unknown}
 N - 2 scrolls of fear
 Q - 2 scrolls of magic mapping
 R - a scroll of fog {unknown}
 S - a scroll of immolation {!r}
Potions
 c - 2 potions of might
 h - a potion of berserk rage {unknown}
 j - 2 potions of invisibility {unknown}
 m - 3 potions of haste {@q3}
 o - 3 potions of mutation {!q}
 p - a potion of cancellation {unknown}
 s - a potion of degeneration {unknown}
 v - 2 potions of enlightenment
 z - 3 potions of attraction {!q}
 A - 6 potions of curing {@q1}
 K - a potion of magic {unknown}
 T - 2 potions of ambrosia {unknown}
 U - 3 potions of brilliance {unknown}
 V - 3 potions of resistance
 Y - 2 potions of lignification {!q}
 Z - 2 potions of heal wounds {@q2}


   Skills:
 + Level 13.1 Fighting
 * Level 17.6 Axes
 * Level 13.5 Ranged Weapons
 - Level 2.4 Armour
 - Level 2.1 Dodging
 - Level 7.5 Stealth


You had 12 spell levels left.
You didn't know any spells.
Your spell library was empty.

Dungeon Overview and Level Annotations

Branches:
Dungeon (12/15)            Temple (0/1) D:4            Lair (3/5) D:11
 Spider (0/4) Lair:3       Bailey (visited)
  Swamp: Lair:2-3    Shoals: Lair:2-3       Orc: D:9-12

Altars:
Dithmenos
Gozag
Kikubaaqudgha
Makhleb
Nemelex Xobeh
Okawaru
Sif Muna
Trog
Uskayaw
Vehumet
Xom
Yredelemnul

Shops:
D:11 [

Annotations:
D:8 2 transporters, benadryl's ghost, novice MeCA


Innate Abilities, Weirdness & Mutations

You have a pair of horns on your head.
You reflexively headbutt those who attack you in melee.


Message History

* * * LOW HITPOINT WARNING * * *
The six-headed hydra bites you.
* * * LOW HITPOINT WARNING * * *
The six-headed hydra bites you!
* * * LOW HITPOINT WARNING * * *
The six-headed hydra bites you but does no damage.
You impale the six-headed hydra!! The swamp worm bites you.
* * * LOW HITPOINT WARNING * * *
You hit the six-headed hydra. The six-headed hydra bites you.
* * * LOW HITPOINT WARNING * * *
The six-headed hydra barely misses you.
The six-headed hydra bites you but does no damage.
The six-headed hydra bites you.
* * * LOW HITPOINT WARNING * * *
The six-headed hydra bites you but does no damage. x2
The six-headed hydra completely misses you.
You furiously retaliate!
You headbutt the six-headed hydra! The six-headed hydra bites you!
* * * LOW HITPOINT WARNING * * *
The six-headed hydra bites you.
* * * LOW HITPOINT WARNING * * *
The six-headed hydra bites you but does no damage. x2
The six-headed hydra barely misses you.
You thump the six-headed hydra! You barely miss the six-headed hydra.
The six-headed hydra bites you.
* * * LOW HITPOINT WARNING * * *
The six-headed hydra bites you.
* * * LOW HITPOINT WARNING * * *
The six-headed hydra bites you but does no damage.
The six-headed hydra barely misses you.
The six-headed hydra completely misses you.
The six-headed hydra misses you. The swamp worm bites you.
* * * LOW HITPOINT WARNING * * *
The six-headed hydra bites you!
* * * LOW HITPOINT WARNING * * *
The six-headed hydra bites you but does no damage.
The six-headed hydra bites you!
* * * LOW HITPOINT WARNING * * *
The six-headed hydra barely misses you. The six-headed hydra bites you!
* * * LOW HITPOINT WARNING * * *
The six-headed hydra bites you!
* * * LOW HITPOINT WARNING * * *
Unknown command.
You hit the six-headed hydra. You headbutt the six-headed hydra!!
Unknown command.
You bludgeon the six-headed hydra!!
You kill the six-headed hydra!
Trog accepts your kill. The swamp worm bites you!!
You die...

#...###.# #.............#...##
##.#.#..# ♣♣♣♣..........##..#
#...##♣.♣♣ §§♣♣♣........##..#
...##..♣♣.. §§§♣♣......###..##
....##..♣.§§♣♣§§§♣.......##...#
........♣♣§.≈~≈~~♣♣.....#...###
.......♣♣§§§≈≈~§~~♣......#..#
.......# §§.≈≈§D§w♣......#.P#
.......♣ ♣♣@w♣♣........##
.......♣ ♣§§♣♣..........#
.......♣ ♣♣♣♣§§♣♣♣........##
.......♣♣♣♣♣..§§§♣♣..........#
.........♣♣...♣♣♣♣.........###
#.......♣♣...≈~~≈♣♣........#
##.#.....♣♣~~~~~~≈♣♣.......#
.#......♣♣≈~~~~~≈≈♣....>..P#
.......♣♣..[~~~~≈≈♣.......##


You could see a six-headed hydra and 2 swamp worms.

Vanquished Creatures
  Gastronok (Lair:3)
  2 hydras
  Harold (D:9)
  Erolcha (D:10)
  A boulder beetle (D:11)
  4 two-headed ogres
  2 skysharks
  2 orc knights (Bailey)
  An oklob plant (Lair:2)
  A manticore (D:11)
  An ugly thing (D:11)
  A black mamba (Lair:1)
  2 vault sentinels (D:9)
  An ice statue (D:9)
  5 kobold demonologists
  A rime drake (D:11)
  9 cane toads
  6 komodo dragons
  A polar bear (Lair:1)
  A meliai (Lair:2)
  A hornet (D:7)
  A tyrant leech (Lair:3)
  12 blink frogs
  Prince Ribbit (D:7)
  Sigmund (D:3)
  5 wyverns
  A wraith (D:10)
  35 yaks
  A shadow (D:10)
  3 fire bats (Lair:1)
  Grum (D:8)
  A basilisk (Lair:1)
  A steam dragon (D:7)
  2 swamp worms (Lair:3)
  3 acid dragons
  8 water moccasins
  3 sky beasts
  3 ice beasts (D:11)
  18 orc warriors
  A swamp drake (D:6)
  4 black bears
  3 ogres
  4 centaurs
  17 wolves
  2 kobold brigands (D:8)
  A gnoll sergeant (D:6)
  8 bullfrogs
  7 scorpions
  15 wights
  5 killer bees
  A howler monkey (D:6)
  4 electric eels
  7 hounds
  9 orc priests
  2 jellies (D:4)
  Ijyb (D:5)
  6 iguanas
  8 orc wizards
  18 gnolls
  A river rat (D:5)
  4 adders
  2 shadow imps
  2 white imps
  An ufetubus (D:4)
  A worm (D:4)
  3 dart slugs
  37 orcs
  12 ball pythons
  8 bats
  10 endoplasms
  A giant cockroach (D:3)
  15 hobgoblins
  7 jackals (D:2)
  24 kobolds
  3 quokkas
  3 frilled lizards
  13 goblins
  7 rats
422 creatures vanquished.

Notes
Turn   | Place    | Note
-------+----------+-------------------------------------------
     0 | D:1      | Pooter the Minotaur Berserker began the quest for the Orb.
     0 | D:1      | Reached XP level 1. HP: 19/19 MP: 0/0
    82 | D:1      | Reached XP level 2. HP: 19/27 MP: 1/1
   170 | D:1      | Reached skill level 4 in Axes
   170 | D:1      | Reached skill level 1 in Stealth
   313 | D:1      | Reached XP level 3. HP: 33/33 MP: 2/2
   463 | D:1      | Found a faded altar of an unknown god.
   468 | D:1      | Reached ** piety under Trog
   681 | D:2      | Found a sparkling altar of Nemelex Xobeh.
   843 | D:2      | Reached XP level 4. HP: 40/40 MP: 3/3
  1248 | D:3      | Identified the +4 mace of Exquisite Torment {flame, *Noise
                  | rPois Str+2}
  1485 | D:3      | Reached skill level 5 in Axes
  1764 | D:3      | Noticed Sigmund
  1774 | D:3      | Killed Sigmund
  1775 | D:3      | Reached XP level 5. HP: 47/47 MP: 4/4
  1775 | D:3      | Reached XP level 6. HP: 55/55 MP: 5/5
  2063 | D:4      | Reached skill level 5 in Fighting
  2063 | D:4      | Reached skill level 6 in Axes
  2199 | D:4      | Reached *** piety under Trog
  2222 | D:4      | Found a staircase to the Ecumenical Temple.
  2234 | D:4      | You are sucked into a shaft and drop 1 floor!
  2234 | D:5      | Entered Level 5 of the Dungeon
  2474 | D:5      | Reached XP level 7. HP: 61/61 MP: 6/6
  2546 | D:5      | Noticed Ijyb
  2557 | D:5      | Killed Ijyb
  2558 | D:5      | Reached skill level 7 in Axes
  2648 | D:5      | Found an ancient bone altar of Kikubaaqudgha.
  2894 | D:4      | Reached skill level 5 in Stealth
  3226 | D:4      | Reached XP level 8. HP: 70/70 MP: 7/7
  3269 | D:4      | Reached skill level 8 in Axes
  3685 | D:5      | Found a shimmering blue altar of Sif Muna.
  3687 | D:5      | Found a radiant altar of Vehumet.
  3895 | D:6      | Reached skill level 9 in Axes
  4161 | D:6      | Reached XP level 9. HP: 79/79 MP: 8/8
  4347 | D:6      | Found a shimmering altar of Xom.
  4381 | D:6      | Found a shadowy altar of Dithmenos.
  4689 | D:6      | Noticed a +0 dagger
  4689 | D:6      | Noticed a +0 dagger
  4693 | D:6      | Found a hide-covered altar of Uskayaw.
  5123 | D:7      | Reached skill level 10 in Axes
  5553 | D:6      | Reached skill level 1 in Ranged Weapons
  5621 | D:7      | Noticed Prince Ribbit
  5634 | D:7      | Killed Prince Ribbit
  5635 | D:7      | Reached skill level 11 in Axes
  6025 | D:8      | Found a transporter.
  6025 | D:8      | Noticed a two-headed ogre
  6025 | D:8      | Noticed benadryl's ghost (novice MeCA)
  6097 | D:8      | Found a basalt altar of Yredelemnul.
  6103 | D:8      | Found a burning altar of Makhleb.
  6189 | D:8      | Found a flagged portal.
  6227 | Bailey   | Entered a bailey
  6242 | Bailey   | Noticed an orc knight
  6262 | Bailey   | Killed an orc knight
  6263 | Bailey   | Reached XP level 10. HP: 43/90 MP: 9/9
  6264 | Bailey   | Reached **** piety under Trog
  6313 | Bailey   | Identified a scroll of acquirement
  6313 | Bailey   | Acquired the ring "Nukh" {rC+ rN+ Str+4 Int+2 Dex+6}
  6358 | Bailey   | HP: 6/135 [electric eel/bolt of electricity (6)]
  7092 | Bailey   | Identified the +8 hand axe of the Living Dead {pain, Drain
                  | Int+8 SInv}
  8089 | Bailey   | Reached skill level 12 in Axes
  8089 | Bailey   | Reached skill level 5 in Ranged Weapons
  8288 | Bailey   | Acquired a +1 executioner's axe of electrocution
  8509 | Bailey   | Found an iron altar of Okawaru.
  8697 | Bailey   | Identified the +1 scale mail of Weightlessness {+Inv}
  8763 | Bailey   | Noticed an orc knight
  8768 | Bailey   | Killed an orc knight
  9380 | D:8      | Noticed Grum
  9393 | D:8      | Killed Grum
  9394 | D:8      | Reached skill level 13 in Axes
  9529 | D:8      | Noticed a two-headed ogre
  9536 | D:8      | Killed a two-headed ogre
  9537 | D:8      | Reached XP level 11. HP: 70/99 MP: 10/10
 10098 | D:8      | Reached skill level 10 in Fighting
 10167 | D:8      | Found a transporter.
 10562 | D:9      | Noticed Harold
 10575 | D:9      | Killed Harold
 10969 | D:9      | Noticed a two-headed ogre
 10975 | D:9      | Killed a two-headed ogre
 10976 | D:9      | Reached skill level 14 in Axes
 11216 | D:9      | Found the +18 shield of the Gong {Loud rN+ Will+ rCorr
                  | EV-5}
 11348 | D:9      | Identified the +1 dagger "Rireblic" {heavy, rF- Str+6}
 11531 | D:10     | Entered Level 10 of the Dungeon
 12181 | D:10     | Noticed a two-headed ogre
 12186 | D:10     | Killed a two-headed ogre
 12220 | D:10     | Noticed Erolcha
 12227 | D:10     | Killed Erolcha
 12362 | D:10     | Found an opulent altar of Gozag.
 13101 | D:10     | Reached skill level 10 in Ranged Weapons
 14117 | D:11     | Reached skill level 15 in Axes
 14196 | D:11     | Noticed a boulder beetle
 14197 | D:11     | Noticed a cyan ugly thing
 14212 | D:11     | Reached XP level 12. HP: 110/110 MP: 11/11
 14221 | D:11     | Killed a boulder beetle
 14519 | D:11     | Found Miumuc's Armour Shop.
 14529 | D:11     | Noticed a two-headed ogre
 14534 | D:12     | Noticed a boulder beetle
 14543 | D:11     | Killed a two-headed ogre
 14629 | D:11     | Found a staircase to the Lair.
 14663 | D:11     | Found a bloodstained altar of Trog.
 14805 | Lair:1   | Entered Level 1 of the Lair of Beasts
 15006 | Lair:1   | Reached skill level 16 in Axes
 16115 | Lair:2   | Reached XP level 13. HP: 103/119 MP: 12/12
 16453 | Lair:2   | Found an iron altar of Okawaru.
 16620 | Lair:2   | Reached skill level 17 in Axes
 17392 | Lair:3   | Noticed Gastronok
 17405 | Lair:3   | Killed Gastronok
 18137 | Lair:3   | Found a hole to the Spider Nest.
 18516 | Lair:3   | HP: 5/183 [six-headed hydra (7)]
 18518 | Lair:3   | Mangled by a swamp worm

Illustrated notes

Levels and vault maps discovered:
D:1:      co_arrival_random_square_maze, layout_basic, basic_ecumenical_altar
D:2:      layout_basic, basic_altar, serial_bayou_pond_e,
          nicolae_figureground_sparkle
D:3:      layout_basic, uniq_sigmund
D:4:      layout_loops_cross, temple_doors_cd, hangedman_decor_clover_reticule,
          minmay_bisected
D:5:      corexii_shack_village, layout_basic,
          grunt_temple_overflow_magic_moments, uniq_ijyb
D:6:      layout_loops_ring, nicolae_overflow_hidden_temple,
          dancing_weapons_uskayaw
D:7:      layout_rooms, uniq_prince_ribbit1
D:8:      layout_loops_corners, grunt_temple_overflow_open,
          lightli_bailey_entry_fortress, gammafunk_ghost_smash, uniq_grum
D:9:      minmay_statue_hallways, layout_rooms, hellmonk_guarded_unrand_gong,
          uniq_harold
D:10:     layout_irregular_city, mainiacjoe_overflow_alcove_1, uniq_erolcha
D:11:     layout_cave_pools, hellmonk_lair_entry_icy, serial_shops, shop,
          trog_butcher_becter
D:12:     layout_small_grid, erik_orc_2, gammafunk_ghost_cemetery,
          minmay_guarded_unrand_resistance
Lair:1:   layout_gridlike, nicolae_volcano_entry_batcave, grunt_megastairs_1
Lair:2:   layout_roguey, lemuel_oklob_altar, lemuel_fruit_tree
Lair:3:   layout_hall_layers, palyth_hydra_swamp_entry,
          hellmonk_spider_entry_not_the_bees, infiniplex_staircase_pool,
          grunt_megastairs_4, uniq_gastronok

Skill      XL: |  1  2  3  4  5  6  7  8  9 10 11 12 13 |
---------------+----------------------------------------+-----
Axes           | 4 5 6 7 9 11 13 15 16 17 | 17.6
Stealth        | 1 3 4 5 6 7 |  7.5
Fighting       | 4 5 6 7 8 9 11 12 13 | 13.1
Ranged Weapons | 4 7 10 12 13 | 13.5
Armour         | |  2.4
Dodging        | |  2.1

Action                     |  1- 3 |  4- 6 |  7- 9 | 10-12 | 13-15 || total
---------------------------+-------+-------+-------+-------+-------++-------
  Melee: Hand axe          |    91 |    36 |       |       |       ||   127
         Headbutt          |     8 |     9 |    28 |    70 |    19 ||   134
         Mace              |       |     4 |       |     9 |       ||    13
         War axe           |       |    26 |   205 |    20 |       ||   251
         Unarmed           |       |       |     5 |       |       ||     5
         Punch             |       |       |     2 |     1 |       ||     3
         Executioner's axe |       |       |       |   336 |    88 ||   424
         Dire flail        |       |       |       |       |    12 ||    12
   Fire: Sling             |       |       |    16 |       |       ||    16
         Orcbow            |       |       |     7 |   214 |       ||   221
         Arbalest          |       |       |       |    66 |    60 ||   126
  Throw: Dart              |       |     7 |    17 |     9 |     3 ||    36
         Throwing net      |       |       |     1 |       |       ||     1
 Invoke: Berserk           |     1 |     4 |    14 |    13 |     6 ||    38
         Trog's Hand       |       |     1 |     8 |    26 |     5 ||    40
  Evoke: Wand              |       |       |     5 |     5 |       ||    10
    Use: Potion            |       |       |     1 |     1 |       ||     2
         Scroll            |       |       |     5 |    13 |     4 ||    22
   Stab: Sleeping          |     1 |       |       |       |       ||     1
         Held in net/web   |       |       |     1 |       |       ||     1
 Armour: Animal skin       |    11 |       |       |       |       ||    11
         Chain mail        |    41 |    31 |    41 |       |       ||   113
         Skin              |       |       |     1 |       |       ||     1
         Plate armour      |       |       |    83 |   190 |    80 ||   353
  Dodge: Dodged            |    55 |    45 |    95 |   159 |    72 ||   426

Table legend: (Time is in decaauts)
 A = Elapsed time spent in this place.
 B = Non-inter-level travel time spent in this place.
 C = Inter-level travel time spent in this place.
 D = Time resting spent in this place.
 E = Time spent auto-exploring this place.
 F = Levels seen in this place.
 G = Mean time per level.
                   A        B        C        D        E       F      G
               +--------+--------+--------+--------+--------+-----+--------+
         Total |  19140 |  18775 |    365 |   7599 |   7213 |  16 | 1196.2 |
       Dungeon |  12571 |  12226 |    345 |   4680 |   5253 |  12 | 1047.6 |
          Lair |   3802 |   3782 |     20 |    961 |   1810 |   3 | 1267.3 |
        Bailey |   2766 |   2766 |      0 |   1957 |    149 |   1 | 2766.0 |
               +--------+--------+--------+--------+--------+-----+--------+

Top non-repeatable levels by time:
  Bailey: 2766 daAuts
    D:10: 2312 daAuts
     D:8: 2010 daAuts
     D:6: 1671 daAuts
  Lair:3: 1596 daAuts
  Lair:2: 1116 daAuts
  Lair:1: 1089 daAuts
    D:11: 1071 daAuts
     D:9: 968 daAuts
     D:5: 942 daAuts
     D:3: 813 daAuts
     D:4: 794 daAuts
     D:7: 734 daAuts
     D:1: 672 daAuts
     D:2: 575 daAuts
